 Dungeon Sprint DCSS version 0.31-a0-4-gefa6de2278 (webtiles) character file.

Game seed: 14437599616823704664

974 rocky1 the Thaumaturge (level 7, -2/43 HPs)
             Began as a Deep Elf Earth Elementalist on May 3, 2023.
             Was an Elder of Sif Muna.
             Slain by a warg (13 damage)
             ... led by an orc knight
             ... in the Dungeon (Sprint VII: "The Pits").
             The game lasted 00:05:00 (1387 turns).

rocky1 the Thaumaturge (DEEE)                       Turns: 1387, Time: 00:05:01

Health: -2/43      AC:  2    Str:  5    XL:     7   Next: 95%
Magic:  7/26       EV: 13    Int: 22    God:    Sif Muna [****..]
Gold:   0          SH:  0    Dex: 15    Spells: 23/33 levels left

rFire   . . .        k - +2 quarterstaff (protect)
rCold   . . .        (shield currently unavailable)
rNeg    . . .        a - +0 robe
rPois   .            (no helmet)
rElec   .            (no cloak)
rCorr   .            (no gloves)
SInv    .            (no boots)
Will    .....        (no amulet)
Stlth   ++           (no ring)
HPRegen 0.27/turn    (no ring)
MPRegen 0.20/turn

%: no teleportation
@: forested, very slightly contaminated
A: no striking features
a: Renounce Religion, Channel Magic, Forget Spell, Divine Exegesis


You were in the Dungeon.
You worshipped Sif Muna.
Sif Muna was greatly pleased with you.
You visited 1 branch

Inventory:

Hand Weapons
 k - a +2 quarterstaff of protection (weapon)
 l - a +0 long sword of flaming
Armour
 a - a +0 robe (worn)
Scrolls
 i - 5 scrolls of amnesia
Potions
 b - 5 potions of magic
 c - 6 potions of curing
 d - 5 potions of heal wounds
 f - 3 potions of berserk rage


   Skills:
 - Level 4.3 Fighting
 - Level 3.9 Dodging
 - Level 3.1 Stealth
 + Level 13.8 Spellcasting
 + Level 4.0 Conjurations
 + Level 1.7 Transmutations
 * Level 1.7 Fire Magic
 * Level 1.5 Air Magic
 + Level 11.5 Earth Magic
 - Level 5.5 Invocations


You had 23 spell levels left.
You knew the following spells:

 Your Spells              Type           Power      Damage    Failure   Level
a - Sandblast             Erth           100%       2d20      1%          1
b - Stone Arrow           Conj/Erth      98%        3d13      1%          3
c - Plasma Beam           Fire/Air       11%        2x1d24    97%         6

Your spell library contained the following spells:

 Spells                   Type           Power      Damage    Failure   Level
 Passwall                 Tmut/Erth      36%        N/A       1%          2
 Petrify                  Tmut/Erth      44%        N/A       2%          4
 Poisonous Vapours        Pois/Air       36%        N/A       4%          2
 Summon Forest            Summ/Tloc      7%         N/A       75%         5


Dungeon Overview and Level Annotations

Branches:
Dungeon (1/1)

Altars:
Ashenzari
Cheibriados
Dithmenos
Elyvilon
Fedhas
Gozag
Hepliaklqana
Kikubaaqudgha
Makhleb
Nemelex Xobeh
Okawaru
Qazlal
Ru
Sif Muna
Trog
Uskayaw
Vehumet
Wu Jian
Xom
Yredelemnul
Zin
The Shining One
Jiyva
Lugonu


Message History

You miscast Stone Arrow.
You are very lightly contaminated with residual magic.
Nothing appears to happen.
The warg howls!
Aiming: Stone Arrow (safe; 1% risk of failure)
Press: ? - help, Q - select action, (/) - cycle Shift-Dir - straight line, f/p - orc knight
Aim: an orc knight, wielding a +0 dire flail and wearing a +0 chain mail (73% to hit)
The stone arrow hits the orc knight!
The orc knight is lightly wounded.
Aiming: Stone Arrow (safe; 1% risk of failure)
Press: ? - help, Q - select action, (/) - cycle Shift-Dir - straight line, f/p - orc knight
Aim: an orc knight, wielding a +0 dire flail and wearing a +0 chain mail (lightly wounded, 73% to hit)
The stone arrow misses the orc knight.
The stone arrow hits the warg!
The warg is moderately wounded.
Aiming: Stone Arrow (safe; 1% risk of failure)
Press: ? - help, Q - select action, (/) - cycle Shift-Dir - straight line, f/p - orc knight
Aim: an orc knight, wielding a +0 dire flail and wearing a +0 chain mail (lightly wounded, 73% to hit)
The stone arrow hits the orc knight!!
The orc knight is heavily wounded.
The orc knight hits you with a +0 dire flail.
A forested plane collides here with a resounding crunch!
Your dryad calls out to the forest.
The forest starts to sway and rumble!
The ogre shouts!
The warg howls!
Sif Muna will no longer gift you books.
The orc knight roars a battlecry!
The orc goes into a battle-frenzy!
The warg barely misses you.
Unknown command.
Aiming: Stone Arrow (safe; 1% risk of failure)
Press: ? - help, Q - select action, (/) - cycle Shift-Dir - straight line, f/p - orc knight
Aim: an orc knight, wielding a +0 dire flail and wearing a +0 chain mail (heavily wounded, ally target, 73% to hit)
The stone arrow hits the orc knight!
The orc knight is severely wounded.
The warg is hit by a branch!
A root smacks the ogre from below!
The orc knight hits you with a +0 dire flail!!
Ouch! That really hurt!
* * * LOW HITPOINT WARNING * * *
The warg bites you!
You die...

########### _________.#
_________.#
_______...###♣♣##♣♣♣#++###### #
#########'##...♣............# .#
.?(.')))'.##~o~...#..♣......##..#
#########.♣#)~~~............++..#
.........hO'≈≈~o@...........++..#
+#####+#####≈~≈hR.♣..♣......##.YY
.#..#..#..#♣~.~~............# ..
.#..'..'..#♣#♣#'#♣###''♣##### #
b##'####+###.......##''#####
.#..†.....##.......##......#
b#........##.......##......#
.#####'#####...<...###....##
)#..[)))..##.......# ##++##


You could see an orc knight (ally target), 2 wargs, an ogre, an orc (strong) and
a friendly dryad (summoned).

Vanquished Creatures
  An orc knight (D)
  A warg (D)
  An orc warrior (D)
  A phantom (D)
  A necrophage (D)
  A scorpion (D)
  An iron imp (D)
  An orc wizard (D)
  Terence (D)
  A river rat (D)
  3 orcs (D)
  A bat zombie (D)
  A giant cockroach (D)
  A hobgoblin (D)
  4 jackals (D)
  4 quokkas (D)
  A frilled lizard (D)
25 creatures vanquished.

Notes
Turn   | Place    | Note
-------+----------+-------------------------------------------
     0 | D        | rocky1 the Deep Elf Earth Elementalist began the quest for
                  | the Orb.
     0 | D        | Reached XP level 1. HP: 10/10 MP: 6/6
    34 | D        | Noticed a dream sheep
    34 | D        | Noticed a dream sheep
    35 | D        | Noticed a dream sheep
    59 | D        | Found a bloodstained altar of Trog.
    59 | D        | Found a shimmering blue altar of Sif Muna.
    59 | D        | Found a viscous altar of Jiyva.
    59 | D        | Found a hazy altar of Hepliaklqana.
    59 | D        | Found an opulent altar of Gozag.
    60 | D        | Found a glowing golden altar of the Shining One.
    60 | D        | Found a glowing silver altar of Zin.
    60 | D        | Found a basalt altar of Yredelemnul.
    60 | D        | Found a shimmering altar of Xom.
    60 | D        | Found an ornate altar of the Wu Jian Council.
    60 | D        | Found a sacrificial altar of Ru.
    60 | D        | Found a stormy altar of Qazlal.
    60 | D        | Found an iron altar of Okawaru.
    60 | D        | Found a sparkling altar of Nemelex Xobeh.
    60 | D        | Found a burning altar of Makhleb.
    60 | D        | Found a blossoming altar of Fedhas.
    60 | D        | Found a white marble altar of Elyvilon.
    60 | D        | Found a shadowy altar of Dithmenos.
    60 | D        | Found a snail-covered altar of Cheibriados.
    63 | D        | Found a corrupted altar of Lugonu.
    63 | D        | Found a radiant altar of Vehumet.
    64 | D        | Found an ancient bone altar of Kikubaaqudgha.
    64 | D        | Found a hide-covered altar of Uskayaw.
    64 | D        | Found a broken altar of Ashenzari.
    79 | D        | Became a worshipper of Sif Muna the Loreminder
   162 | D        | Reached * piety under Sif Muna
   212 | D        | Reached skill level 4 in Spellcasting
   212 | D        | Reached XP level 2. HP: 15/16 MP: 6/9
   212 | D        | Reached ** piety under Sif Muna
   213 | D        | Reached skill level 1 in Invocations
   251 | D        | Reached skill level 1 in Fighting
   253 | D        | Noticed a scorpion
   256 | D        | Killed a scorpion
   256 | D        | Reached *** piety under Sif Muna
   257 | D        | Reached skill level 6 in Spellcasting
   257 | D        | Reached XP level 3. HP: 13/21 MP: 3/13
   257 | D        | Reached XP level 4. HP: 16/26 MP: 3/14
   443 | D        | Noticed an orc warrior
   443 | D        | Noticed a necrophage
   443 | D        | Noticed Terence
   448 | D        | Reached skill level 7 in Spellcasting
   454 | D        | Killed a necrophage
   455 | D        | Reached skill level 8 in Spellcasting
   455 | D        | Reached XP level 5. HP: 22/31 MP: 10/18
   471 | D        | Killed Terence
   472 | D        | Reached skill level 9 in Spellcasting
   473 | D        | Killed an orc warrior
   473 | D        | Reached **** piety under Sif Muna
   474 | D        | Reached skill level 10 in Spellcasting
   474 | D        | Reached XP level 6. HP: 15/37 MP: 8/21
   605 | D        | Learned a level 3 spell: Stone Arrow
   614 | D        | Reached ***** piety under Sif Muna
   615 | D        | Reached skill level 11 in Spellcasting
   615 | D        | Reached skill level 1 in Conjurations
   644 | D        | Noticed an orc knight
   669 | D        | Killed an orc knight
   669 | D        | Received a gift from Sif Muna
   670 | D        | Reached skill level 13 in Spellcasting
   670 | D        | Reached skill level 5 in Invocations
   670 | D        | Reached XP level 7. HP: 43/43 MP: 3/26
   670 | D        | Got Sif Muna's Thoughts on Meteoric Summoning {god gift}
   678 | D        | Learned a level 6 spell: Plasma Beam
   917 | D        | Reached skill level 1 in Fire Magic
   917 | D        | Reached skill level 1 in Air Magic
  1243 | D        | Noticed an orc knight
  1243 | D        | Noticed an orc sorcerer
  1243 | D        | Noticed a freezing wraith
  1387 | D        | Slain by a warg

Illustrated notes

Levels and vault maps discovered:
D:        pitsprint [storerooms_1, entrance_room_1, metal_vault_2, armoury_1,
          mini_pit_1, grid_room_1, main_hall_1, silver_pit, the_coven_1,
          the_vestibule_1, steel_vault_3, golden_pit, hallway_of_sentries,
          crystal_vault_2, iron_vault_2, final_vault]

Skill      XL: |  1  2  3  4  5  6  7 |
---------------+----------------------+-----
Earth Magic    | 4 6 7 9 11 | 11.5
Spellcasting   | 4 6 8 10 13 | 13.8
Invocations    | 2 3 4 5 |  5.5
Fighting       | 1 2 3 4 |  4.3
Dodging        | 3 |  3.9
Stealth        | 3 |  3.1
Conjurations   | 3 4 |  4.0
Fire Magic     | 1 |  1.7
Air Magic      | 1 |  1.5
Transmutations | |  1.7

Action                     |  1- 3 |  4- 6 |  7- 9 || total
---------------------------+-------+-------+-------++-------
  Melee: Unarmed           |     1 |       |       ||     1
   Cast: Sandblast         |    18 |    20 |       ||    38
         Stone Arrow       |       |     7 |     9 ||    16
         Summon Forest     |       |       |     1 ||     1
 Invoke: Divine Exegesis   |       |       |     1 ||     1
    Use: Potion            |       |     3 |     1 ||     4
         Scroll            |       |     1 |     1 ||     2
 Armour: Robe              |     4 |       |       ||     4
  Dodge: Dodged            |    13 |     7 |     4 ||    24

Table legend: (Time is in decaauts)
 A = Elapsed time spent in this place.
 B = Non-inter-level travel time spent in this place.
 C = Inter-level travel time spent in this place.
 D = Time resting spent in this place.
 E = Time spent auto-exploring this place.
 F = Levels seen in this place.
 G = Mean time per level.
                   A        B        C        D        E       F      G
               +--------+--------+--------+--------+--------+-----+--------+
         Total |   1388 |   1374 |     14 |    992 |      0 |   1 | 1388.0 |
       Dungeon |   1388 |   1374 |     14 |    992 |      0 |   1 | 1388.0 |
               +--------+--------+--------+--------+--------+-----+--------+

Top non-repeatable levels by time:
       D: 1388 daAuts
